 Dungeon Crawl Stone Soup version 0.31.0-1-g2c135a008e (webtiles) character file.

Game seed: 13313103090120180088

109 qw the Shooter (level 5, -7/40 HPs)
             Began as a Djinni Hunter on Jan 23, 2024.
             Mangled by an ice beast (12 damage)
             ... on level 3 of the Dungeon.
             The game lasted 00:00:07 (1811 turns).

qw the Shooter (Djinni Hunter)                      Turns: 1811, Time: 00:00:08

Health: -7/40      AC:  9    Str: 10    XL:     5   Next: 13%
Gold:   175        EV: 11    Int: 10    God:
                   SH:  0    Dex: 19

rFire   + + .        a - +0 shortbow
rCold   x . .        (shield currently unavailable)
rNeg    . . .        j - +0 ring mail
rPois   inf          (no helmet)
rElec   .            (no cloak)
rCorr   +            (no gloves)
SInv    .            (boots unavailable)
Will    .....        (no amulet)
Stlth   +            g - ring of resist corrosion
HPRegen 0.26/turn    h - +4 ring of protection
MPRegen 0.00/turn

%: infuse magic (-8 HP)
@: flying
A: sickness immunity, fire resistance 2, cold vulnerability 1, float, innate
caster, HP casting, extra vitality 1
a: no special abilities


You were on level 3 of the Dungeon.
You visited 1 branch of the dungeon, and saw 3 of its levels.

You collected 175 gold pieces.


Innate Abilities, Weirdness & Mutations

You are immune to sickness and miasma.
You are immune to poison.
Your flesh is very heat resistant. (rF++)
You are vulnerable to cold. (rC-)
You float through the air rather than walking.
You learn spells naturally, not from books.
Your magical power is your life essence.
You have superior vitality. (+4 MHP)


   Skills:
 - Level 3.3 Fighting
 + Level 4.0 Ranged Weapons
 - Level 2.0 Armour
 - Level 2.1 Dodging
 - Level 0.7 Stealth


You knew the following spells:

 Your Spells              Type           Power      Damage    Failure   Level
a - Magic Dart            Conj           0%         1d3       67%         1
b - Static Discharge      Conj/Air       0%         3-3/arc   82%         2
Your spell library was empty.

Inventory:

Hand Weapons
 a - a +0 shortbow (weapon)
Armour
 j - a +0 ring mail (worn)
Jewellery
 d - a ring of ice
 g - a ring of resist corrosion (left hand)
 h - a +4 ring of protection (right hand)
Scrolls
 c - a scroll of acquirement {unknown}
Potions
 b - a potion of enlightenment

Dungeon Overview and Level Annotations

Branches:
Dungeon (3/15)

Altars:
Makhleb

Shops:
D:1 :


Message History

c - a scroll labelled MIOFYR UFATOU An ice beast comes into view.
You shoot an arrow.
The arrow hits the ice beast but does no damage.
You shoot an arrow. The arrow hits the ice beast.
The ice beast is lightly wounded.
You shoot an arrow. The arrow closely misses the ice beast.
You shoot an arrow.
The arrow hits the ice beast but does no damage.
The ice beast is lightly wounded.
The ice beast closely misses you.
The ice beast hits you but does no damage.
You shoot an arrow. The arrow hits the ice beast!
The ice beast is moderately wounded.
The ice beast hits you but does no damage.
You shoot an arrow. The arrow closely misses the ice beast.
The ice beast closely misses you.
You shoot an arrow. The arrow closely misses the ice beast.
The ice beast hits you but does no damage.
The ice beast hits you. The ice beast freezes you!!
You feel a terrible chill!
Ouch! That really hurt!
You shoot an arrow.
The arrow hits the ice beast but does no damage.
The ice beast is moderately wounded.
The ice beast hits you but does no damage.
You shoot an arrow. The arrow barely misses the ice beast.
The ice beast hits you but does no damage.
You shoot an arrow. The arrow hits the ice beast.
The ice beast is heavily wounded.
The ice beast hits you. The ice beast freezes you!
You feel a terrible chill!
You shoot an arrow. The arrow closely misses the ice beast.
The ice beast closely misses you. The ice beast barely misses you.
You shoot an arrow.
The arrow hits the ice beast but does no damage.
The ice beast is heavily wounded.
The ice beast closely misses you.
You shoot an arrow.
The arrow completely misses the ice beast.
The ice beast hits you. The ice beast freezes you!
You feel a terrible chill!
You die...

#####
....
...
..
##.#
#Y.#
#@#
#.#
#.#
##.#
#..#
#.##
#.#
#.#
#.#


You could see an ice beast.

Vanquished Creatures
  An orc priest (D:3)
  An orc wizard (D:2)
  A dart slug (D:1)
  3 orcs (D:3)
  4 endoplasms
  6 giant cockroaches
  4 goblins
  4 hobgoblins
  2 jackals (D:3)
  4 kobolds
  4 quokkas
  4 ball pythons
  2 bats (D:2)
  2 frilled lizards (D:1)
  5 rats
47 creatures vanquished.

Notes
Turn   | Place    | Note
-------+----------+-------------------------------------------
     0 | D:1      | qw the Djinni Hunter began the quest for the Orb.
     0 | D:1      | Reached XP level 1. HP: 18/18 MP: 0/0
     0 | D:1      | 0 ||| qw: Version: 0.3-a-132-g3d54051
     0 | D:1      | 0 ||| qw: Game counter: 605
     0 | D:1      | 0 ||| qw: Melee chars always use a shield: true
     0 | D:1      | 0 ||| qw: God list: Okawaru
     0 | D:1      | 0 ||| qw: Allow faded altars: false
     0 | D:1      | 0 ||| qw: Do Orc after clearing Dungeon:15 true
     0 | D:1      | 0 ||| qw: Do second Lair branch before Depths: true
     0 | D:1      | 0 ||| qw: Lair rune preference: random
     0 | D:1      | 0 ||| qw: Goals: Normal
     0 | D:1      | 0 ||| PLANNING D:1-11
    46 | D:1      | Found Kint's Book Emporium.
   164 | D:1      | Reached XP level 2. HP: 23/23 MP: 0/0
   628 | D:1      | Found a faded altar of an unknown god.
   894 | D:1      | 894 ||| UPGRADING to ring of resist corrosion.
   895 | D:1      | 895 ||| UPGRADING to +4 ring of protection.
   896 | D:1      | 896 ||| READING 2 scrolls labelled TENEUD NI QAKH.
   897 | D:1      | 897 ||| READING scroll labelled XESTRY ZIAT.
   898 | D:1      | 898 ||| DROPPING scroll of butterflies.
   899 | D:1      | 899 ||| DROPPING scroll of noise.
   942 | D:2      | Reached XP level 3. HP: 28/28 MP: 0/0
   942 | D:2      | Learned a level 1 spell: Magic Dart
   944 | D:2      | Reached skill level 4 in Ranged Weapons
  1256 | D:2      | 1256 ||| FLEEEEING.
  1257 | D:2      | 1257 ||| FLEEEEING.
  1258 | D:2      | 1258 ||| FLEEEEING.
  1259 | D:2      | 1259 ||| FLEEEEING.
  1264 | D:2      | 1264 ||| FLEEEEING.
  1265 | D:2      | 1265 ||| FLEEEEING.
  1266 | D:2      | 1266 ||| FLEEEEING.
  1283 | D:2      | 1283 ||| FLEEEEING.
  1359 | D:2      | 1359 ||| UPGRADING to +0 ring mail.
  1369 | D:2      | 1369 ||| DROPPING +0 leather armour.
  1370 | D:2      | 1370 ||| READING scroll labelled YWID MAMYRYIWN.
  1371 | D:2      | 1371 ||| READING scroll labelled ZAMOEFFIZO.
  1371 | D:2      | 1371 ||| IDENTIFYING lumpy yellow potion
  1372 | D:2      | 1372 ||| READING scroll labelled EJONTICKUB.
  1373 | D:2      | 1373 ||| READING scroll labelled FYUDDO YPUFIU.
  1374 | D:2      | 1374 ||| READING scroll labelled YMPOIWESAC.
  1439 | D:3      | Found a burning altar of Makhleb.
  1569 | D:3      | Reached XP level 4. HP: 17/34 MP: 0/0
  1658 | D:3      | 1658 ||| FLEEEEING.
  1669 | D:3      | 1669 ||| FLEEEEING.
  1680 | D:3      | 1680 ||| FLEEEEING.
  1691 | D:3      | 1691 ||| FLEEEEING.
  1699 | D:3      | 1699 ||| DRINKING emerald potion.
  1720 | D:3      | 1720 ||| FLEEEEING.
  1721 | D:3      | 1721 ||| STAIRDANCE
  1726 | D:2      | Reached skill level 3 in Fighting
  1726 | D:2      | Reached XP level 5. HP: 36/40 MP: 0/0
  1726 | D:2      | Learned a level 2 spell: Static Discharge
  1798 | D:3      | Noticed an ice beast
  1808 | D:3      | HP: 6/40 [ice beast (10)]
  1811 | D:3      | Mangled by an ice beast

Levels and vault maps discovered:
D:1:      sevenhm_arrival_forest_fort_small_5, layout_basic, serial_shops,
          nicolae_shop_waterfront, basic_ecumenical_altar,
          minmay_worlds_worst_comb
D:2:      layout_rooms, basic_altar
D:3:      layout_rooms, mainiacjoe_overflow_alcove_1

Skill      XL: |  1  2  3  4 |
---------------+-------------+-----
Ranged Weapons | 4 |  4.0
Armour         | 2 |  2.0
Fighting       | 3 |  3.3
Dodging        | |  2.1
Stealth        | |  0.7

Action                     |  1- 3 |  4- 6 || total
---------------------------+-------+-------++-------
  Melee: Shortbow          |       |     1 ||     1
   Fire: Shortbow          |   109 |    40 ||   149
    Use: Scroll            |     7 |       ||     7
         Potion            |       |     1 ||     1
 Armour: Leather armour    |    10 |       ||    10
         Ring mail         |    19 |    41 ||    60
  Dodge: Dodged            |    30 |    13 ||    43

Table legend:
 A = Non-vault XP
 B = Vault XP
 C = Vault XP percentage of total XP
 D = Non-vault monster count
 E = Vault monster count
 F = Vault count percentage of total count
                 A         B        C        D         E       F
            +---------+---------+-------+---------+---------+-------
      Total |     147 |      10 |   6.4 |      42 |       5 |  10.6
            +---------+---------+-------+---------+---------+-------
        D:1 |      14 |      10 |  41.7 |       9 |       5 |  35.7
        D:2 |      68 |       0 |   0.0 |      21 |       0 |   0.0
        D:3 |      65 |       0 |   0.0 |      12 |       0 |   0.0
            +---------+---------+-------+---------+---------+-------
